 Dungeon Crawl Stone Soup version 0.31-a0-841-g038b102fc3 (webtiles) character file.

Game seed: 9395486063185815988

78 Kurtz the Chopper (level 4, 0/31 HPs)
             Began as an Octopode Fighter on Sept 27, 2023.
             Constricted to death by a ball python (1 damage)
             ... on level 3 of the Dungeon.
             The game lasted 00:01:15 (2074 turns).

Kurtz the Chopper (Octopode Fighter)                Turns: 2074, Time: 00:01:16

Health: 0/31       AC:  1    Str: 17    XL:     4   Next: 36%
Magic:  4/4        EV: 10    Int: 10    God:
Gold:   153        SH:  4    Dex: 11    Spells: 3/3 levels left

rFire   . . .        i - +1 mace (heavy)
rCold   . . .        b - +0 buckler
rNeg    . . .        (helmet restricted)
rPois   .            (no amulet)
rElec   .            (no ring)
rCorr   .            (no ring)
SInv    .            (no ring)
Will    .....        (no ring)
Stlth   ++           (no ring)
HPRegen 0.25/turn    (no ring)
MPRegen 0.09/turn    (no ring)
                     (no ring)

%: no passive effects
@: mighty, constricted
A: almost no armour, amphibious, 8 rings, camouflage 1, gelatinous body 1,
(nimble swimmer 1), tentacles
a: no special abilities


You were on level 3 of the Dungeon.
You visited 1 branch of the dungeon, and saw 3 of its levels.

You collected 153 gold pieces.

Inventory:

Hand Weapons
 a - a +0 war axe
 d - a +4 whip
 i - a +1 heavy mace (weapon)
Missiles
 h - 3 poisoned darts
Armour
 b - a +0 buckler (worn)
Scrolls
 e - 5 scrolls of identify {unknown}
 f - a scroll of brand weapon {unknown}
 j - a scroll of acquirement {unknown}
 l - a scroll of summoning {unknown}
 m - a scroll of noise {unknown}
 n - a scroll of fear {unknown}
Potions
 k - a potion of curing {unknown}


   Skills:
 - Level 3.0 Fighting
 * Level 4.5 Axes
 - Level 3.0 Dodging
 - Level 3.0 Shields


You had 3 spell levels left.
You didn't know any spells.
Your spell library contained the following spells:

 Spells                   Type           Power      Damage    Failure   Level
 Momentum Strike          Conj/Tloc      0%         3d8       58%         2
 Static Discharge         Conj/Air       0%         2-2/arc   58%         2
 Mephitic Cloud           Conj/Pois/Air  0%         N/A       82%         3
 Vhi's Electric Charge    Tloc/Air       0%         N/A       99%         4
 Freezing Cloud           Conj/Ice/Air   0%         6-21      100%        5


Dungeon Overview and Level Annotations

Branches:
Dungeon (3/15)

Altars:


Innate Abilities, Weirdness & Mutations

You cannot wear most types of armour.
You are amphibious.
You can wear up to eight rings at the same time.
Your skin changes colour to match your surroundings (Stealth+).
Your rubbery body absorbs attacks. (AC +1, EV +1)
((You are camouflaged when in or above water. (Stealth+)))
You have tentacles for arms and can constrict up to eight enemies at once.


Message History

A gnoll comes into view. It is wielding a +0 spear.
There are monsters nearby!
A gnoll comes into view. It is wielding a +0 spear.
The gnoll hits you from afar with a +0 heavy spear.
The gnoll moves out of view.
There are monsters nearby!
A gnoll comes into view. It is wielding a +0 whip.
There are monsters nearby!
The gnoll shouts!
You sock the gnoll!
You kill the gnoll!
You block the gnoll's attack.
A rat comes into view.
The gnoll misses you.
The rat moves out of view.
The gnoll hits you with a +0 spear! The gnoll barely misses you.
The gnoll misses you. The gnoll hits you with a +0 whip.
The gnoll completely misses you.
The gnoll hits you from afar with a +0 spear.
The gnoll throws a throwing net.
The throwing net barely misses you.
You feel very mighty all of a sudden. The gnoll attacks as it pursues you!
The gnoll hits you from afar with a +0 spear!
* * * LOW HITPOINT WARNING * * *
A ball python comes into view.
The ball python hisses angrily.
The ball python moves out of view.
The ball python bites you.
* * * LOW HITPOINT WARNING * * *
The ball python closely misses you.
You closely miss the ball python. Your grab misses the ball python.
You block the ball python's attack. x2; The gnoll closely misses you.
You block the ball python's attack. The ball python closely misses you.
Unknown command.
It was a potion of magic.
Magic courses through your body.
The gnoll hits you from afar with a +0 spear.
* * * LOW HITPOINT WARNING * * *
The ball python misses you. The ball python grabs you.
The ball python constricts you.
You die...

#.##.#..#### .##
#..g.)..... ..##
##...g.....
#.###.###......
#..#g.....#####
#.#.....(.# #
#.#.#g.#.## #
#####.#..g.#.# #
#.@Sgg#.##.#.######
#.###......#.##....
#. #.#......##.#..
.. .....###...#.#..
##.###.###
#........ #. ..#
###.....#.. ## ###
#.....#....
#.##.###... #.#.##
##..


You could see 2 gnolls and a ball python.

Vanquished Creatures
  A gnoll (D:3)
  An adder (D:3)
  6 endoplasms
  2 giant cockroaches (D:1)
  12 goblins
  6 hobgoblins (D:1)
  3 jackals (D:1)
  A quokka (D:1)
  5 ball pythons
  4 bats
  5 frilled lizards
  5 kobolds
  5 rats
56 creatures vanquished.

Notes
Turn   | Place    | Note
-------+----------+-------------------------------------------
     0 | D:1      | Kurtz the Octopode Fighter began the quest for the Orb.
     0 | D:1      | Reached XP level 1. HP: 16/16 MP: 1/1
    50 | D:1      | Reached XP level 2. HP: 13/21 MP: 2/2
   219 | D:1      | Reached skill level 3 in Axes
   374 | D:1      | Reached XP level 3. HP: 21/26 MP: 3/3
   973 | D:2      | Got a ragged book
  1288 | D:2      | Reached skill level 4 in Axes
  1739 | D:3      | Reached XP level 4. HP: 27/31 MP: 4/4
  2074 | D:3      | HP: 1/31 [gnoll/+0 spear (4)]
  2074 | D:3      | Constricted to death by a ball python

Illustrated notes

Levels and vault maps discovered:
D:1:      dpeg_arrival_arbitrary_a, layout_basic, minmay_misc_feat_four_crosses
D:2:      layout_loops_ring, solitary_fountain, kennysheep_generic_room_12
D:3:      layout_loops_cross

Skill      XL: |  1  2  3 |
---------------+----------+-----
Axes           | 3 4 |  4.5
Fighting       | |  3.0
Dodging        | |  3.0
Shields        | |  3.0

Action                     |  1- 3 |  4- 6 || total
---------------------------+-------+-------++-------
  Melee: War axe           |    17 |       ||    17
         Constrict         |    21 |       ||    21
         Tentacles         |    12 |       ||    12
         Whip              |    59 |       ||    59
         Mace              |    15 |     7 ||    22
    Use: Potion            |       |     2 ||     2
   Stab: Sleeping          |     6 |     2 ||     8
 Armour: Skin              |    34 |     8 ||    42
  Dodge: Dodged            |    62 |    10 ||    72
  Block: Buckler           |    10 |     4 ||    14

Table legend: (Time is in decaauts)
 A = Elapsed time spent in this place.
 B = Non-inter-level travel time spent in this place.
 C = Inter-level travel time spent in this place.
 D = Time resting spent in this place.
 E = Time spent auto-exploring this place.
 F = Levels seen in this place.
 G = Mean time per level.
                   A        B        C        D        E       F      G
               +--------+--------+--------+--------+--------+-----+--------+
         Total |   2103 |   1999 |    104 |    169 |   1476 |   3 |  701.0 |
       Dungeon |   2103 |   1999 |    104 |    169 |   1476 |   3 |  701.0 |
               +--------+--------+--------+--------+--------+-----+--------+

Top non-repeatable levels by time:
     D:1: 973 daAuts
     D:2: 745 daAuts
     D:3: 384 daAuts
